 Seeded DCSS version 0.27.1-35-g4d5d836560 (webtiles) character file.

Game seed: 20220510 (custom seed)

4 urmum the Firebug (level 1, 0/14 HPs)
             Began as a Demigod Fire Elementalist on May 10, 2022.
             Slain by a giant cockroach (1 damage)
             ... on level 1 of the Dungeon on May 11, 2022.
             The game lasted 00:06:18 (62 turns).

urmum the Firebug (Demigod Fire Elementalist)         Turns: 62, Time: 00:06:19

Health: 0/14       AC:  2    Str:  9    XL:     1   Next: 40%
Magic:  0/5        EV: 12    Int: 17    God:
Gold:   0          SH:  0    Dex: 14    Spells: 2/3 levels left

rFire    . . .     SeeInvis .   (no weapon)
rCold    . . .     Faith    .   (no shield)
rNeg     . . .     Spirit   .   a - +0 robe
rPois    .         Reflect  .   (no helmet)
rElec    .         Harm     .   (no cloak)
rCorr    .         Rampage  .   (no gloves)
Will     .....                  (no boots)
Stlth    ++........             (no amulet)
HPRegen  0.04/turn              (no ring)
MPRegen  0.09/turn              (no ring)

@: very slightly contaminated
A: high mp 1, forlorn
a: no special abilities


You were on level 1 of the Dungeon.
You visited 1 branch of the dungeon, and saw 1 of its levels.

Inventory:

Armour
 a - a +0 robe (worn)
Potions
 b - a potion of degeneration {unknown}


   Skills:
 + Level 1.7 Dodging
 + Level 1.7 Stealth
 + Level 1.8 Spellcasting
 + Level 0.8 Conjurations
 + Level 2.9 Fire Magic


You had 2 spell levels left.
You knew the following spells:

 Your Spells              Type           Power      Damage    Failure   Level
a - Foxfire               Conj/Fire      32%        2x1d5     9%          1

Your spell library contained the following spells:

 Spells                   Type           Power      Damage    Failure   Level
 Conjure Flame            Conj/Fire      8%         6-21      26%         3
 Inner Flame              Hex/Fire       6%         N/A       32%         3
 Sticky Flame             Conj/Fire      8%         2d3       65%         4
 Fireball                 Conj/Fire      4%         3d4       94%         5


Dungeon Overview and Level Annotations

Branches:
Dungeon (1/15)


Innate Abilities, Weirdness & Mutations

Your attributes grow dramatically as you level up.
You have an increased reservoir of magic. (+10% MP)
You shall have no god before yourself.


Message History

The giant cockroach closely misses you. The endoplasm freezes you.
You are frozen.
Casting: Foxfire (safe; 9% risk of failure)
Press: ? - help, Q - select action Dir - look around, f - activate You conjure some foxfire!
The giant cockroach closely misses you. The giant cockroach barely misses you.
The giant cockroach bites you.
The foxfire hits the endoplasm.
The endoplasm is lightly wounded.
Your magical contamination has completely faded away.
Your foxfire dissipates!
You hit the giant cockroach but do no damage.
The giant cockroach closely misses you. x3
You closely miss the giant cockroach.
The giant cockroach bites you but does no damage.
The giant cockroach bites you. The endoplasm freezes you.
You are frozen.
* * * LOW HITPOINT WARNING * * *
Casting: Foxfire (safe; 9% risk of failure)
Press: ? - help, Q - select action Dir - look around, f - activate You miscast Foxfire.
You are very lightly contaminated with residual magic.
Nothing appears to happen.
The giant cockroach closely misses you.
The giant cockroach bites you but does no damage.
The endoplasm misses you.
Casting: Foxfire (safe; 9% risk of failure)
Press: ? - help, Q - select action Dir - look around, f - activate Your target is gone.
You conjure some foxfire!
The giant cockroach bites you but does no damage.
The giant cockroach bites you.
* * * LOW HITPOINT WARNING * * *
The giant cockroach closely misses you. The endoplasm barely misses you.
Your foxfire dissipates!
The foxfire hits the endoplasm.
The endoplasm is severely wounded.
The giant cockroach bites you.
You die...

.............#
#......#.^....#
#.....###.....#
#......#......###
#.............#..
#..#..>#...#.....
##J###.###.###....
#.B.#...#<..#.....
#@B.....†.†.......
#......)#.........
#......###...J....
#.......#.J.......
#.................
#.#######.##......
#.# #......... #.#
####..B... #.
......


You could see an endoplasm and 2 giant cockroaches.

Vanquished Creatures
  A goblin (D:1)
  A hobgoblin (D:1)
  2 rats (D:1)
4 creatures vanquished.

Vanquished Creatures (others)
  6 foxfires (D:1)
6 creatures vanquished.

Grand Total: 10 creatures vanquished

Notes
Turn   | Place    | Note
-------+----------+-------------------------------------------
     0 | D:1      | urmum the Demigod Fire Elementalist began the quest for the
                  | Orb.
     0 | D:1      | Reached XP level 1. HP: 14/14 MP: 5/5
    62 | D:1      | Slain by a giant cockroach

Illustrated notes

Levels and vault maps discovered:
D:1:      minmay_arrival_five_plusses, layout_basic,
          ebering_ecumenical_altar_mist

Action                   || total
-------------------------++-------
Melee: Unarmed           ||    11
 Cast: Foxfire           ||     6
Armor: Robe              ||    10
Dodge: Dodged            ||    25
